 Dungeon Crawl Stone Soup version 0.30-b1-2-g02819fbbbe (webtiles) character file.

Game seed: 11399093752903867449

1467 TreWolfie the Covert (level 9, -1/52 HPs)
             Began as a Kobold Brigand on May 19, 2023.
             Was an Initiate of Qazlal.
             Slain by Maggie
             ... wielding a +0 morningstar
              (4 damage)
             ... on level 6 of the Dungeon.
             The game lasted 00:23:14 (3940 turns).

TreWolfie the Covert (Kobold Brigand)               Turns: 3940, Time: 00:23:15

Health: -1/52      AC: 15    Str:  8    XL:     9   Next: 6%
Magic:  18/18      EV: 11    Int: 12    God:    Qazlal [......]
Gold:   342        SH:  5    Dex: 21    Spells: 8/8 levels left

rFire   . . .        u - +2 dagger (vamp)
rCold   . . .        m - +0 buckler
rNeg    + . .        q - +4 scale mail "Edeiqyus" {rN+ Slay+2}
rPois   .            (no helmet)
rElec   .            c - +0 cloak
rCorr   .            i - +2 pair of gloves
SInv    .            (no boots)
Will    .....        (no amulet)
Stlth   +++++        n - +4 ring of slaying
HPRegen 0.28/turn    A - ring of magical power
MPRegen 0.16/turn

%: no passive effects
@: mesmerised
A: small, no large weapons, nightstalker 3
a: Renounce Religion


You were on level 6 of the Dungeon.
You worshipped Qazlal.
Qazlal was noncommittal.
You visited 1 branch of the dungeon, and saw 6 of its levels.

You collected 342 gold pieces.

Inventory:

Hand Weapons
 u - a +2 vampiric dagger (weapon)
Missiles
 d - 9 poisoned darts
 e - 3 curare-tipped darts (quivered)
Armour
 c - a +0 cloak (worn)
 i - a +2 pair of gloves (worn)
 m - a +0 buckler (worn)
 q - the +4 scale mail "Edeiqyus" (worn) {rN+ Slay+2}
   (You found it on level 2 of the Dungeon)

   Slay:      It affects your accuracy & damage with ranged weapons and melee
   (+2).
   rN:        It protects you from negative energy.
Jewellery
 n - a +4 ring of slaying (left hand)
 o - the amulet of Elemental Vulnerability {rPois rF-- rC-- AC+8}
   (You found it on level 2 of the Dungeon)

   [amulet of nothing]

   AC:        It affects your AC (+8).
   rF:        It makes you very vulnerable to fire.
   rC:        It makes you very vulnerable to cold.
   rPois:     It protects you from poison.
 w - a ring of protection from cold
 A - a ring of magical power (right hand)
Wands
 f - a wand of quicksilver (5)
 r - a wand of flame (23)
 y - a wand of roots (10)
 C - a wand of paralysis (8)
Scrolls
 b - 3 scrolls of fog
 g - a scroll of enchant armour {unknown}
 h - a scroll of vulnerability {unknown}
 l - a scroll of torment {unknown}
 t - 4 scrolls of teleportation
 v - a scroll of blinking {unknown}
 B - a scroll of magic mapping {unknown}
 D - a scroll of immolation {unknown}
Potions
 a - a potion of attraction {unknown}
 j - a potion of curing
 k - a potion of brilliance {unknown}
 p - a potion of haste
 s - a potion of invisibility {unknown}
 x - a potion of berserk rage {unknown}
 z - a potion of might {unknown}


   Skills:
 + Level 3.8 Fighting
 + Level 6.7 Short Blades
 + Level 2.4 Throwing
 + Level 3.6 Armour
 + Level 3.5 Dodging
 + Level 10.6 Stealth
 + Level 2.0 Shields


You had 8 spell levels left.
You didn't know any spells.
Your spell library contained the following spells:

 Spells                   Type           Power      Damage    Failure   Level
 Magic Dart               Conj           0%         1d3       99%         1
 Searing Ray              Conj           0%         2d4       100%        2
 Fulminant Prism          Conj/Hex       0%         3d5       100%        4


Dungeon Overview and Level Annotations

Branches:
Dungeon (6/15)
 Temple: D:4-7

Altars:
Gozag
Qazlal
Ru
Sif Muna
Uskayaw
The Shining One

Shops:
D:2 (   D:3 =

Annotations:
D:6 Maggie


Innate Abilities, Weirdness & Mutations

You are small and have problems with some larger weapons.
You are completely attuned to the shadows.


Message History

Found a stone staircase leading down.
Found a knobbly jade ring.
There is a stone staircase leading down here.
An orc priest comes into view. It is wielding a +0 mace.
Found an escape hatch in the ceiling.
The orc priest moves out of view.
w - a ring of protection from cold
Found a chain mail.
You now have 342 gold pieces (gained 22).
Maggie the Vainglorious comes into view.
She is wielding a +0 morningstar.
Maggie shouts!
You hear a bark!
Maggie barely misses you.
You hit Maggie but do no damage.
Maggie mumbles some strange words.
Maggie attempts to bespell you!
You are mesmerised by Maggie!
You barely miss Maggie. You puncture Maggie!
Maggie is lightly wounded.
Maggie practices a pose.
Maggie points at you and mumbles some strange words.
The bolt of fire hits you!!
Ouch! That really hurt!
You barely miss Maggie.
Maggie is lightly wounded.
Maggie hits you with a +0 morningstar!
* * * LOW HITPOINT WARNING * * *
You hit Maggie but do no damage.
Maggie is lightly wounded.
You closely miss Maggie.
Maggie is lightly wounded.
Maggie hits you but does no damage.
You hit Maggie but do no damage.
Maggie is lightly wounded.
Maggie points at you and mumbles some strange words.
The bolt of fire hits you!
* * * LOW HITPOINT WARNING * * *
You barely miss Maggie.
Maggie is lightly wounded.
Maggie hits you with a +0 morningstar.
You die...

.###...#.....#
###.#..<..#
#....#.##
###..####
##....... #......#
#................#
...........###.###
....@...##.....#
....@.###......#
..............##
#..............#
##...#.#.......#
########.....##
#..#### ####


You could see Maggie (mesmerising).

Vanquished Creatures
  Sigmund (D:5)
  An orc warrior (D:5)
  An ice beast (D:5)
  2 ogres (D:5)
  3 phantoms
  A scorpion (D:5)
  2 hounds (D:5)
  4 orc priests
  2 gnoll boudas
  Crazy Yiuf (D:5)
  3 iguanas (D:5)
  Ijyb (D:5)
  An orc wizard (D:5)
  11 gnolls
  6 adders
  A shadow imp (D:6)
  A white imp (D:5)
  A worm (D:2)
  A dart slug (D:1)
  22 orcs
  7 ball pythons
  6 endoplasms
  3 giant cockroaches (D:1)
  2 hobgoblins
  8 kobolds
  A quokka (D:2)
  5 bats (D:1)
  4 frilled lizards
  7 goblins
  6 rats
115 creatures vanquished.

Notes
Turn   | Place    | Note
-------+----------+-------------------------------------------
     0 | D:1      | TreWolfie the Kobold Brigand began the quest for the Orb.
     0 | D:1      | Reached XP level 1. HP: 12/12 MP: 1/1
    50 | D:1      | Reached XP level 2. HP: 10/17 MP: 2/2
    89 | D:1      | Reached skill level 6 in Stealth
   358 | D:1      | Reached XP level 3. HP: 21/21 MP: 3/3
   811 | D:2      | Found Fobouhua's Weapon Boutique.
   912 | D:2      | Found the amulet of Elemental Vulnerability {rPois rF--
                  | rC-- AC+8}
   995 | D:2      | Reached XP level 4. HP: 27/27 MP: 4/4
  1005 | D:2      | Identified the +4 scale mail "Edeiqyus" {rN+ Slay+2}
  1158 | D:2      | Reached skill level 7 in Stealth
  1431 | D:3      | Reached XP level 5. HP: 27/31 MP: 5/5
  1459 | D:3      | Found Qosek's Jewellery Boutique.
  1544 | D:3      | Reached skill level 8 in Stealth
  1828 | D:4      | Reached XP level 6. HP: 36/36 MP: 6/6
  1961 | D:4      | Found a sacrificial altar of Ru.
  2215 | D:4      | Found a hide-covered altar of Uskayaw.
  2378 | D:4      | Reached skill level 1 in Armour
  2378 | D:4      | Reached skill level 1 in Shields
  2378 | D:4      | Reached XP level 7. HP: 36/40 MP: 7/7
  2474 | D:5      | Entered Level 5 of the Dungeon
  2558 | D:5      | Reached skill level 5 in Short Blades
  2558 | D:5      | Reached skill level 9 in Stealth
  2699 | D:5      | Reached XP level 8. HP: 22/46 MP: 8/8
  2708 | D:5      | Found a runed translucent door.
  2711 | D:5      | Noticed Crazy Yiuf
  2716 | D:5      | Killed Crazy Yiuf
  2925 | D:5      | Noticed Ijyb
  2926 | D:5      | Paralysed by Ijyb for 2 turns
  2941 | D:5      | Killed Ijyb
  3088 | D:5      | Found an opulent altar of Gozag.
  3262 | D:5      | Found a stormy altar of Qazlal.
  3264 | D:5      | Noticed Sigmund
  3267 | D:5      | Found a glowing golden altar of the Shining One.
  3276 | D:5      | Killed Sigmund
  3277 | D:5      | Reached skill level 10 in Stealth
  3283 | D:5      | Became a worshipper of Qazlal Stormbringer
  3290 | D:5      | Found a shimmering blue altar of Sif Muna.
  3821 | D:6      | Reached XP level 9. HP: 52/52 MP: 9/9
  3929 | D:6      | Noticed Maggie
  3939 | D:6      | HP: 2/52 [Maggie/bolt of fire (11)]
  3940 | D:6      | Slain by Maggie

Illustrated notes

Levels and vault maps discovered:
D:1:      nicolae_arrival_memento_mori, layout_rooms,
          ebering_dispersal_statue_hall, minivault_11, minmay_unequal
D:2:      layout_rooms, serial_shops, shop_coins
D:3:      layout_basic, serial_shops, shop
D:4:      layout_rooms, mainiacjoe_overflow_tiny_flanked,
          mainiacjoe_overflow_catwalk
D:5:      layout_loops_corners, nicolae_gozag_seed_capital, minitemple,
          mrwooster_statue_mirror, guppyfry_early_orc_mine, uniq_sigmund,
          uniq_crazy_yiuf_cottage, uniq_ijyb
D:6:      layout_cave_pools, uniq_maggie

Skill      XL: |  1  2  3  4  5  6  7  8  9 |
---------------+----------------------------+-----
Stealth        | 6 7 8 9 10 | 10.6
Short Blades   | 3 4 5 6 |  6.7
Dodging        | 2 3 |  3.5
Armour         | 1 2 3 |  3.6
Shields        | 1 2 |  2.0
Fighting       | 3 |  3.8
Throwing       | |  2.4

Action                     |  1- 3 |  4- 6 |  7- 9 || total
---------------------------+-------+-------+-------++-------
  Melee: Dagger            |    63 |   117 |   146 ||   326
    Use: Scroll            |     2 |     3 |     2 ||     7
         Potion            |       |     4 |       ||     4
   Stab: Sleeping          |    15 |    11 |     9 ||    35
         Distracted        |     1 |     1 |       ||     2
 Armour: Robe              |     6 |       |       ||     6
         Scale mail        |       |    62 |    42 ||   104
  Dodge: Dodged            |    23 |    49 |    41 ||   113
  Block: Buckler           |       |    17 |    18 ||    35
